| TOP OF THE 1ST |
|
Minnesota Twins batting - Pitching for Cleveland Spiders : RHP Vinny Mendoza
|
|
Pitching: RHP Vinny Mendoza
|
|
|
Batting: RHB Lee Lacy
|
0-0: Called Strike 0-1: SINGLE (Line Drive, 89S, EV 96.3 MPH)
|
|
Batting: LHB Lloyd Moseby
|
0-0: Called Strike 0-1: Ball 1-1: Called Strike Lee Lacy steals 2nd base 1-2: Strikes out swinging
|
|
Batting: RHB Steve Brye
|
0-0: Ground out 5-3 (Groundball, 56, EV 80.0 MPH)
|
|
Batting: RHB George Foster
|
0-0: Called Strike 0-1: Foul Ball, location: 2F 0-2: Foul Ball, location: 2F 0-2: Ball 1-2: Ground out 3-1 (Groundball, 13, EV 80.0 MPH)
|
| Top of the 1st over - 0 runs, 1 hit, 0 errors, 1 left on base; Minnesota 0 - Cleveland 0 |
| BOTTOM OF THE 1ST |
|
Cleveland Spiders batting - Pitching for Minnesota Twins : RHP John Martin
|
|
Pitching: RHP John Martin
|
|
|
Batting: SHB Bump Wills
|
0-0: Ball 1-0: Ball 2-0: Called Strike 2-1: SINGLE (Line Drive, 8RS, EV 86.3 MPH)
|
|
Batting: RHB Tom Brunansky
|
0-0: SINGLE (Groundball, 56D, EV 104.4 MPH) Bump Wills to second
|
|
Batting: RHB Gary Gaetti
|
0-0: Ball 1-0: Ball 2-0: Fly out, F9 (Flyball, 9D, EV 100.6 MPH) Runner from 2nd tags up, SAFE at 3rd, no throw by RF
|
|
Batting: SHB Salvador Perez
|
0-0: Ball Tom Brunansky steals 2nd base 1-0: Fly out, F7 (Flyball, 7D, EV 81.9 MPH) Runner from 3rd tags up, SCORES, no throw by LF Tom Brunansky to third
|
|
Batting: RHB Clayton Elliott
|
0-0: Swinging Strike 0-1: Foul Ball, location: 2F 0-2: Strikes out swinging
|
| Bottom of the 1st over - 1 run, 2 hits, 0 errors, 1 left on base; Minnesota 0 - Cleveland 1 |
| TOP OF THE 2ND |
|
Minnesota Twins batting - Pitching for Cleveland Spiders : RHP Vinny Mendoza
|
|
Batting: SHB Jerry Mumphrey
|
0-0: Ball 1-0: Reached on error, E8 (Flyball, 8RM, EV 82.5 MPH)
|
|
Batting: RHB Matt Cooper
|
0-0: Ball Jerry Mumphrey steals 2nd, throwing error, E2 Jerry Mumphrey to third 1-0: Foul Ball, location: 2F 1-1: Ground out U3 (Groundball, 34S, EV 81.3 MPH) Jerry Mumphrey scores
|
|
Batting: RHB Chet Lemon
|
0-0: SINGLE (Line Drive, 7S, EV 99.4 MPH)
|
|
Batting: RHB Aurelio Rodriguez
|
0-0: Ball 1-0: Ball 2-0: Fly out, F8 (Flyball, 8LD, EV 101.9 MPH)
|
|
Batting: LHB Ken Oberkfell
|
0-0: Ball 1-0: Ball 2-0: Foul Ball, location: 2F 2-1: Foul Ball, location: 2F 2-2: Ball 3-2: Strikes out swinging
|
| Top of the 2nd over - 1 run, 1 hit, 2 errors, 1 left on base; Minnesota 1 - Cleveland 1 |
| BOTTOM OF THE 2ND |
|
Cleveland Spiders batting - Pitching for Minnesota Twins : RHP John Martin
|
|
Batting: RHB Cressy Pratt
|
0-0: Ball 1-0: Ball 2-0: Foul Ball, location: 2F 2-1: Foul Ball, location: 2F 2-2: Foul Ball, location: 2F 2-2: Foul Ball, location: 2F 2-2: Strikes out looking
|
|
Batting: RHB Alan Trammell
|
0-0: Ball 1-0: Foul Ball, location: 2F 1-1: Ball 2-1: Ball 3-1: SINGLE (Groundball, 4MD, EV 103.1 MPH)
|
|
Batting: RHB Lance Parrish
|
0-0: Called Strike 0-1: Called Strike 0-2: Foul Ball, location: 2F 0-2: Ball 1-2: Ball 2-2: Strikes out looking
|
|
Batting: RHB Kevin Bell
|
0-0: Ball 1-0: Ball 2-0: Foul Ball, location: 2F 2-1: SINGLE (Line Drive, 4D, EV 96.3 MPH) Alan Trammell to second Runner from 2nd tries for 3rd, SAFE, no throw by CF
|
|
Batting: SHB Bump Wills
|
0-0: Ball 1-0: Ball 2-0: Called Strike 2-1: Swinging Strike 2-2: Ball 3-2: Foul Ball, location: 2F 3-2: Foul Ball, location: 2F 3-2: Fly out, F8 (Line Drive, 8LD, EV 99.4 MPH)
|
| Bottom of the 2nd over - 0 runs, 2 hits, 0 errors, 2 left on base; Minnesota 1 - Cleveland 1 |
| TOP OF THE 3RD |
|
Minnesota Twins batting - Pitching for Cleveland Spiders : RHP Vinny Mendoza
|
|
Batting: RHB Lee Lacy
|
0-0: Foul Ball, location: 2F 0-1: Ball 1-1: SINGLE (Flyball, 3D, EV 91.3 MPH)
|
|
Batting: LHB Lloyd Moseby
|
0-0: Ball 1-0: DOUBLE (Flyball, 8LXD, EV 98.1 MPH) Lee Lacy to third Runner from 3rd tries for Home, SAFE, throw by CF to home
|
|
Batting: RHB Steve Brye
|
0-0: Called Strike 0-1: Ball Lloyd Moseby steals 3rd base 1-1: Ball 2-1: Ball 3-1: Called Strike 3-2: Ground out 5-3 (Groundball, 56, EV 110.0 MPH) Lloyd Moseby scores
|
|
Batting: RHB George Foster
|
0-0: Ball 1-0: Ball 2-0: Called Strike 2-1: Fly out, F8 (Flyball, 8LS, EV 71.9 MPH)
|
|
Batting: SHB Jerry Mumphrey
|
0-0: Ball 1-0: Ball 2-0: Called Strike 2-1: Ball 3-1: Base on Balls
|
|
Batting: RHB Matt Cooper
|
0-0: Called Strike Jerry Mumphrey steals 2nd base 0-1: Ball 1-1: Ball 2-1: Foul Ball, location: 2F 2-2: Ball 3-2: Base on Balls
|
|
Batting: RHB Chet Lemon
|
0-0: Ball 1-0: Called Strike 1-1: Foul Ball, location: 2F 1-2: Foul Ball, location: 2F 1-2: SINGLE (Flyball, 8LS, EV 88.8 MPH) Jerry Mumphrey to third Matt Cooper to second Runner from 3rd tries for Home, SAFE, throw by CF to home
|
|
Batting: RHB Aurelio Rodriguez
|
0-0: Called Strike 0-1: Foul Ball, location: 2F 0-2: Ball 1-2: Ball 2-2: Foul Ball, location: 2F 2-2: Ground out 5-3 (Groundball, 25, EV 80.6 MPH)
|
| Top of the 3rd over - 3 runs, 3 hits, 0 errors, 2 left on base; Minnesota 4 - Cleveland 1 |
| BOTTOM OF THE 3RD |
|
Cleveland Spiders batting - Pitching for Minnesota Twins : RHP John Martin
|
|
Batting: RHB Tom Brunansky
|
0-0: Ball 1-0: Ball 2-0: Called Strike 2-1: Ball 3-1: Fly out, F8 (Flyball, 8LD, EV 103.8 MPH)
|
|
Batting: RHB Gary Gaetti
|
0-0: Called Strike 0-1: Ball 1-1: Foul Ball, location: 2F 1-2: SOLO HOME RUN (Flyball, 9LD, EV 85.0 MPH), Distance : 342 ft
|
|
Batting: SHB Salvador Perez
|
0-0: Ground out U3 (Groundball, 34, EV 105.0 MPH)
|
|
Batting: RHB Clayton Elliott
|
0-0: Foul Ball, location: 2F 0-1: Foul Ball, location: 2F 0-2: Foul Ball, location: 2F 0-2: Ball 1-2: Ball 2-2: Fly out, F9 (Flyball, 9S, EV 90.0 MPH)
|
| Bottom of the 3rd over - 1 run, 1 hit, 0 errors, 0 left on base; Minnesota 4 - Cleveland 2 |
| TOP OF THE 4TH |
|
Minnesota Twins batting - Pitching for Cleveland Spiders : RHP Vinny Mendoza
|
|
Batting: LHB Ken Oberkfell
|
0-0: Foul Ball, location: 2F 0-1: Fly out, F7 (Line Drive, 7D, EV 102.5 MPH)
|
|
Batting: RHB Lee Lacy
|
0-0: Ball 1-0: Called Strike 1-1: Hit by Pitch
|
|
Batting: LHB Lloyd Moseby
|
0-0: Ball 1-0: Ball 2-0: Called Strike 2-1: Ball 3-1: Called Strike 3-2: Base on Balls Lee Lacy to second
|
|
Batting: RHB Steve Brye
|
0-0: Foul Ball, location: 2F 0-1: Ball 1-1: Ball 2-1: Called Strike 2-2: Ball 3-2: Grounds into double play, 6-4-3 (Groundball, 6, EV 87.5 MPH)
|
| Top of the 4th over - 0 runs, 0 hits, 0 errors, 1 left on base; Minnesota 4 - Cleveland 2 |
| BOTTOM OF THE 4TH |
|
Cleveland Spiders batting - Pitching for Minnesota Twins : RHP John Martin
|
|
Batting: RHB Cressy Pratt
|
0-0: Ball 1-0: Ball 2-0: Ground out 6-3 (Groundball, 56, EV 88.1 MPH)
|
|
Batting: RHB Alan Trammell
|
0-0: Foul Ball, location: 2F 0-1: Swinging Strike 0-2: Strikes out looking
|
|
Batting: RHB Lance Parrish
|
0-0: Called Strike 0-1: Ground out 4-3 (Groundball, 4M, EV 102.5 MPH)
|
| Bottom of the 4th over - 0 runs, 0 hits, 0 errors, 0 left on base; Minnesota 4 - Cleveland 2 |
| TOP OF THE 5TH |
|
Minnesota Twins batting - Pitching for Cleveland Spiders : RHP Vinny Mendoza
|
|
Batting: RHB George Foster
|
0-0: Ball 1-0: Hit by Pitch
|
|
Batting: SHB Jerry Mumphrey
|
0-0: Called Strike
|
|
|
|
|
|
0-1: Ball 1-1: Called Strike 1-2: Foul Ball, location: 2F 1-2: Fielders Choice at 2nd, 5-4 (Groundball, 56, EV 86.3 MPH)
|
|
Pitching: LHP Gary Williams
|
|
|
Batting: RHB Matt Cooper
|
0-0: Ball 1-0: SINGLE (Line Drive, 7S, EV 91.9 MPH) Jerry Mumphrey to second
|
|
Batting: RHB Chet Lemon
|
0-0: Ball 1-0: Ball 2-0: Called Strike 2-1: Foul Ball, location: 2F 2-2: Strikes out swinging
|
|
Batting: RHB Aurelio Rodriguez
|
0-0: Fly out, F7 (Line Drive, 7, EV 93.1 MPH)
|
| Top of the 5th over - 0 runs, 1 hit, 0 errors, 2 left on base; Minnesota 4 - Cleveland 2 |
| BOTTOM OF THE 5TH |
|
Cleveland Spiders batting - Pitching for Minnesota Twins : RHP John Martin
|
|
Batting: RHB Kevin Bell
|
0-0: Called Strike 0-1: Swinging Strike 0-2: Ball 1-2: Foul Ball, location: 2F 1-2: Foul Ball, location: 2F 1-2: Ball 2-2: DOUBLE (Line Drive, 89D, EV 98.8 MPH)
|
|
Batting: SHB Bump Wills
|
0-0: SINGLE (Groundball, 4MS, EV 65.6 MPH) (infield hit) Kevin Bell to third
|
|
Batting: RHB Tom Brunansky
|
0-0: Ground out 5-3 (Groundball, 5, EV 86.3 MPH) Bump Wills to second
|
|
Batting: RHB Gary Gaetti
|
0-0: Called Strike 0-1: Ball 1-1: Foul Ball, location: 2F 1-2: Strikes out looking
|
|
Batting: SHB Salvador Perez
|
0-0: Ball 1-0: Ball 2-0: Ball 3-0: Called Strike 3-1: SINGLE (Groundball, 4M, EV 84.4 MPH) (infield hit) Kevin Bell scores Bump Wills to third
|
|
Batting: RHB Clayton Elliott
|
0-0: Ball Salvador Perez steals 2nd base 1-0: Foul Ball, location: 2F 1-1: Foul Ball, location: 2F 1-2: Foul Ball, location: 2F 1-2: Ball 2-2: Ball 3-2: SINGLE (Groundball, 56, EV 104.4 MPH) (infield hit) Bump Wills scores Salvador Perez to third
|
|
Pitching: RHP Mark Fidrych
|
|
|
Batting: RHB Cressy Pratt
|
0-0: Hit by Pitch Clayton Elliott to second
|
|
Batting: RHB Alan Trammell
|
0-0: Ball 1-0: Foul Ball, location: 2F 1-1: Swinging Strike 1-2: Strikes out looking
|
| Bottom of the 5th over - 2 runs, 4 hits, 0 errors, 3 left on base; Minnesota 4 - Cleveland 4 |
| TOP OF THE 6TH |
|
Minnesota Twins batting - Pitching for Cleveland Spiders : LHP Gary Williams
|
|
Batting: LHB Ken Oberkfell
|
0-0: Ball 1-0: Ball 2-0: Bunted foul 2-1: Ball 3-1: Ground out 5-3 (Groundball, 56S, EV 85.6 MPH)
|
|
Batting: RHB Lee Lacy
|
0-0: Ball 1-0: Ball 2-0: Swinging Strike 2-1: Ball 3-1: Base on Balls
|
|
Batting: LHB Lloyd Moseby
|
0-0: Ball 1-0: Ball 2-0: Foul Ball, location: 2F 2-1: Foul Ball, location: 2F 2-2: Fielders Choice at 2nd, 1-6 (Groundball, 34S, EV 66.9 MPH)
|
|
Batting: RHB Steve Brye
|
0-0: Ball 1-0: Called Strike 1-1: Ball 2-1: Foul Ball, location: 2F 2-2: Fly out, F4 (Flyball, 4D, EV 82.5 MPH)
|
| Top of the 6th over - 0 runs, 0 hits, 0 errors, 1 left on base; Minnesota 4 - Cleveland 4 |
| BOTTOM OF THE 6TH |
|
Cleveland Spiders batting - Pitching for Minnesota Twins : RHP Mark Fidrych
|
|
Batting: RHB Lance Parrish
|
0-0: Called Strike 0-1: Ball 1-1: Foul Ball, location: 2F 1-2: Ball 2-2: Strikes out swinging
|
|
Batting: RHB Kevin Bell
|
0-0: Foul Ball, location: 2F 0-1: Ball 1-1: Swinging Strike 1-2: Ball 2-2: Foul Ball, location: 2F 2-2: Ball 3-2: Fly out, F7 (Flyball, 7LM, EV 74.4 MPH)
|
|
Batting: SHB Bump Wills
|
0-0: Swinging Strike 0-1: Ball 1-1: Ball 2-1: Ball 3-1: Fly out, F7 (Flyball, 7D, EV 100.6 MPH)
|
| Bottom of the 6th over - 0 runs, 0 hits, 0 errors, 0 left on base; Minnesota 4 - Cleveland 4 |
| TOP OF THE 7TH |
|
Minnesota Twins batting - Pitching for Cleveland Spiders : LHP Gary Williams
|
|
Batting: RHB George Foster
|
0-0: Ball 1-0: Foul Ball, location: 2F 1-1: Ball 2-1: Swinging Strike 2-2: Strikes out swinging
|
|
Batting: SHB Jerry Mumphrey
|
0-0: Called Strike 0-1: Fly out, F9 (Flyball, 9LD, EV 111.3 MPH)
|
|
Batting: RHB Matt Cooper
|
0-0: Swinging Strike 0-1: Ball 1-1: Foul Ball, location: 2F 1-2: Ball 2-2: Strikes out looking
|
| Top of the 7th over - 0 runs, 0 hits, 0 errors, 0 left on base; Minnesota 4 - Cleveland 4 |
| BOTTOM OF THE 7TH |
|
Cleveland Spiders batting - Pitching for Minnesota Twins : RHP Mark Fidrych
|
|
Pitching: RHP Fred Breining
|
|
|
Batting: RHB Tom Brunansky
|
0-0: Ball 1-0: Reached on error, E1 (Groundball, 13S, EV 71.3 MPH)
|
|
Batting: RHB Gary Gaetti
|
0-0: Ball Tom Brunansky steals 2nd base 1-0: Called Strike 1-1: Ball 2-1: Fly out, F9 (Flyball, 9LM, EV 85.0 MPH)
|
|
Batting: SHB Salvador Perez
|
0-0: Ball 1-0: Called Strike 1-1: Ground out 5-3 (Groundball, 56S, EV 70.0 MPH) Tom Brunansky to third
|
|
Batting: RHB Clayton Elliott
|
0-0: Foul Ball, location: 2F 0-1: Foul Ball, location: 2F 0-2: Ball 1-2: Ball 2-2: Foul Ball, location: 2F 2-2: Ground out 5-3 (Groundball, 56, EV 103.8 MPH)
|
| Bottom of the 7th over - 0 runs, 0 hits, 1 error, 1 left on base; Minnesota 4 - Cleveland 4 |
| TOP OF THE 8TH |
|
Minnesota Twins batting - Pitching for Cleveland Spiders : LHP Gary Williams
|
|
Pitching: RHP Omar Huaman
|
|
|
Batting: RHB Chet Lemon
|
0-0: Foul Ball, location: 2F 0-1: Ball 1-1: Ball 2-1: Ball 3-1: Swinging Strike 3-2: Ground out 6-3 (Groundball, 6, EV 87.5 MPH)
|
|
Batting: RHB Aurelio Rodriguez
|
0-0: Called Strike 0-1: Ball 1-1: Ball 2-1: Ball 3-1: Ground out 5-3 (Groundball, 5L, EV 106.9 MPH)
|
|
Batting: LHB Ken Oberkfell
|
0-0: Called Strike 0-1: Ball 1-1: Ball 2-1: Called Strike 2-2: SINGLE (Groundball, 34D, EV 97.5 MPH)
|
|
Batting: RHB Lee Lacy
|
0-0: Called Strike 0-1: Ball 1-1: Called Strike 1-2: Ball 2-2: Ball 3-2: Foul Ball, location: 2F 3-2: Base on Balls Ken Oberkfell to second
|
|
Batting: LHB Lloyd Moseby
|
0-0: Swinging Strike 0-1: Foul Ball, location: 2F 0-2: Foul Ball, location: 2F 0-2: Strikes out swinging
|
| Top of the 8th over - 0 runs, 1 hit, 0 errors, 2 left on base; Minnesota 4 - Cleveland 4 |
| BOTTOM OF THE 8TH |
|
Cleveland Spiders batting - Pitching for Minnesota Twins : RHP Fred Breining
|
|
Batting: RHB Cressy Pratt
|
0-0: Ball 1-0: Ball 2-0: Ball 3-0: Base on Balls
|
|
Batting: RHB Alan Trammell
|
0-0: Fielders Choice at 2nd, 4-6 (Groundball, 4, EV 87.5 MPH)
|
|
Batting: RHB Lance Parrish
|
0-0: Grounds into double play, 6-4-3 (Groundball, 6, EV 85.6 MPH)
|
| Bottom of the 8th over - 0 runs, 0 hits, 0 errors, 0 left on base; Minnesota 4 - Cleveland 4 |
| TOP OF THE 9TH |
|
Minnesota Twins batting - Pitching for Cleveland Spiders : RHP Omar Huaman
|
|
Batting: RHB Steve Brye
|
0-0: Ball 1-0: Swinging Strike 1-1: Called Strike 1-2: Fly out, F7 (Flyball, 7LS, EV 86.9 MPH)
|
|
Batting: RHB George Foster
|
0-0: Called Strike 0-1: Ball 1-1: Foul Ball, location: 2F 1-2: Foul Ball, location: 2F 1-2: Strikes out looking
|
|
Batting: SHB Jerry Mumphrey
|
0-0: Ball 1-0: Fly out, F8 (Line Drive, 8LM, EV 97.5 MPH)
|
| Top of the 9th over - 0 runs, 0 hits, 0 errors, 0 left on base; Minnesota 4 - Cleveland 4 |
| BOTTOM OF THE 9TH |
|
Cleveland Spiders batting - Pitching for Minnesota Twins : RHP Fred Breining
|
|
Batting: RHB Kevin Bell
|
0-0: Ball 1-0: Foul Ball, location: 2F 1-1: Ball 2-1: Foul Ball, location: 2F 2-2: Strikes out swinging
|
|
Batting: SHB Bump Wills
|
0-0: Ball 1-0: Fly out, F9 (Flyball, 89S, EV 86.3 MPH)
|
|
Batting: RHB Tom Brunansky
|
0-0: Foul Ball, location: 2F 0-1: Foul Ball, location: 2F 0-2: Foul Ball, location: 2F 0-2: Ground out 6-3 (Groundball, 6MS, EV 95.0 MPH)
|
| Bottom of the 9th over - 0 runs, 0 hits, 0 errors, 0 left on base; Minnesota 4 - Cleveland 4 |
| TOP OF THE 10TH |
|
Minnesota Twins batting - Pitching for Cleveland Spiders : RHP Omar Huaman
|
|
Batting: RHB Matt Cooper
|
0-0: Called Strike 0-1: Fly out, F9 (Flyball, 9, EV 88.8 MPH)
|
|
Batting: RHB Chet Lemon
|
0-0: Ground out 6-3 (Groundball, 6, EV 107.5 MPH)
|
|
Batting: RHB Aurelio Rodriguez
|
0-0: Called Strike 0-1: Swinging Strike 0-2: Ball 1-2: Ball 2-2: Strikes out looking
|
| Top of the 10th over - 0 runs, 0 hits, 0 errors, 0 left on base; Minnesota 4 - Cleveland 4 |
| BOTTOM OF THE 10TH |
|
Cleveland Spiders batting - Pitching for Minnesota Twins : RHP Fred Breining
|
|
Batting: RHB Gary Gaetti
|
0-0: SINGLE (Line Drive, 6M, EV 108.1 MPH)
|
|
Batting: SHB Salvador Perez
|
0-0: Ball 1-0: Fly out, F9 (Line Drive, 9, EV 103.1 MPH)
|
|
Batting: RHB Clayton Elliott
|
0-0: Called Strike Gary Gaetti steals 2nd base 0-1: Foul Ball, location: 2F 0-2: Ball 1-2: Ball 2-2: Ball 3-2: Foul Ball, location: 2F 3-2: Ground out 4-3 (Groundball, 34, EV 101.3 MPH) Gary Gaetti to third
|
|
Pitching: RHP Scott Brown
|
|
|
Batting: RHB Cressy Pratt
|
0-0: Called Strike 0-1: Called Strike 0-2: Ball 1-2: Strikes out swinging, 2-3 out at first.
|
| Bottom of the 10th over - 0 runs, 1 hit, 0 errors, 1 left on base; Minnesota 4 - Cleveland 4 |
| TOP OF THE 11TH |
|
Minnesota Twins batting - Pitching for Cleveland Spiders : RHP Omar Huaman
|
|
Pitching: RHP Joe Beckwith
|
|
|
Batting: LHB Ken Oberkfell
|
0-0: Ball 1-0: Ground out 5-3 (Groundball, 56, EV 107.5 MPH)
|
|
Batting: RHB Lee Lacy
|
0-0: Called Strike 0-1: Called Strike 0-2: Strikes out swinging
|
|
Batting: LHB Lloyd Moseby
|
0-0: Ball 1-0: Foul Ball, location: 2F 1-1: Ball 2-1: Ball 3-1: Ground out U3 (Groundball, 3S, EV 71.3 MPH)
|
| Top of the 11th over - 0 runs, 0 hits, 0 errors, 0 left on base; Minnesota 4 - Cleveland 4 |
| BOTTOM OF THE 11TH |
|
Cleveland Spiders batting - Pitching for Minnesota Twins : RHP Scott Brown
|
|
Batting: RHB Alan Trammell
|
0-0: Ground out 6-3 (Groundball, 56D, EV 106.3 MPH)
|
|
Batting: RHB Lance Parrish
|
0-0: Ball 1-0: DOUBLE (Groundball, 5L, EV 103.8 MPH)
|
|
Batting: RHB Kevin Bell
|
0-0: Fly out, F6 (Popup, 6S, EV 53.8 MPH)
|
|
Batting: SHB Bump Wills
|
0-0: Ball 1-0: SINGLE (Groundball, 4MD, EV 104.4 MPH) Lance Parrish to third Runner from 3rd tries for Home, SAFE, throw by CF to home
|
| Bottom of the 11th over - 1 run, 2 hits, 0 errors, 0 left on base; Minnesota 4 - Cleveland 5 |
 |
|
Monday, August 24th, 2020 - OOTP Baseball 21.5 Build 76
|
|